 Dungeon Crawl Stone Soup version 0.27.1-34-g3ba077fa99 (webtiles) character file.

Game seed: 18151513786994240918

263215 Jazqba the Warrior (level 20, -9/173 HPs)
             Began as a Hill Orc Hunter on Jan 22, 2022.
             Was the Champion of Hepliaklqana.
             Mangled by a +5 eveningstar of distortion (14 damage)
             ... on level 2 of the Elven Halls.
             The game lasted 01:21:53 (42112 turns).

Jazqba the Warrior (Hill Orc Hunter)               Turns: 42112, Time: 01:21:54

Health: -9/173     AC: 21    Str: 24    XL:     20   Next: 1%
Magic:  23/38      EV: 13    Int: 21    God:    Hepliaklqana [******]
Gold:   3862       SH: 22    Dex: 11    Spells: 8/19 levels left

rFire    + . .     SeeInvis +   s - +8 demon trident (elec)
rCold    + . .     Faith    .   m - +3 kite shield
rNeg     . . .     Spirit   .   i - +1 ring mail of Sorcery {rPois Regen+ Dex-3 SInv Stlth+}
rPois    +         Reflect  +   U - +2 hat {Int+3}
rElec    .         Harm     .   D - +2 cloak "Awoexaz" {rC+ Str+3}
rCorr    .         Rampage  .   Y - +2 pair of gloves of the Shining Light {MP+9 Int+4}
Will     +++..                  k - +2 pair of boots
Stlth    ++........             o - amulet "Zenoboca" {Reflect Regen+ SH+5}
HPRegen  2.38/turn              J - ring of protection from fire
MPRegen  0.26/turn              O - ring of the Mage {Wiz Will++ Int+3}

@: studying Slings
A: reduced essence
}: 2/15 runes: decaying, serpentine
a: Renounce Religion, Recall Ancestor, Ancestor Identity, Transference, Idealise


You were on level 2 of the Elven Halls.
You worshipped Hepliaklqana.
Hepliaklqana was exalted by your worship.
You visited 6 branches of the dungeon, and saw 33 of its levels.
You visited 1 bazaar.
You also visited: Ossuary.

You collected 5126 gold pieces.
You spent 1264 gold pieces at shops.

Inventory:

Hand Weapons
 s - a +8 demon trident of electrocution (weapon)
Missiles
 c - 34 javelins (quivered)
 d - 5 throwing nets
 h - 94 poisoned darts
 G - 46 boomerangs
Armour
 i - the +1 ring mail of Sorcery (worn) {rPois Regen+ Dex-3 SInv Stlth+}
   (You bought it in a shop on level 2 of the Dungeon)

   Dex:       It affects your dexterity (-3).
   rPois:     It protects you from poison.
   SInv:      It lets you see invisible.
   Regen:     It increases your rate of health regeneration.
   Stlth:     It makes you more stealthy.
 k - a +2 pair of boots (worn)
 m - a +3 kite shield (worn)
 A - a +0 kite shield of reflection
 D - the +2 cloak "Awoexaz" (worn) {rC+ Str+3}
   (You bought it in a shop on level 2 of the Dungeon)

   Str:       It affects your strength (+3).
   rC:        It protects you from cold.
 K - the +2 ring mail "Badot" {rF+}
   (You found it on level 10 of the Dungeon)

   rF:        It protects you from fire.
 U - a +2 hat of intelligence (worn)
 Y - the +2 pair of gloves of the Shining Light (worn) {MP+9 Int+4}
   (You acquired it on level 3 of the Snake Pit)

   Int:       It affects your intelligence (+4).
   MP:        It affects your magic capacity (+9).
Jewellery
 o - the amulet "Zenoboca" (around neck) {Reflect Regen+ SH+5}
   (You found it on level 1 of the Lair of Beasts)

   [amulet of reflection]

   It reflects blocked missile attacks.
   Regen:     It increases your rate of health regeneration.
   SH:        It affects your SH (+5).
 p - a ring of resist corrosion
 J - a ring of protection from fire (left hand)
 O - the ring of the Mage (right hand) {Wiz Will++ Int+3}
   (You found it on level 9 of the Dungeon)

   [ring of wizardry]

   It improves your spell success rate.
   Int:       It affects your intelligence (+3).
   Will:      It greatly increases your willpower.
 V - a ring of positive energy
Wands
 e - a wand of iceblast (7)
 f - a wand of acid (22)
 q - a wand of flame (59)
 u - a wand of mindburst (42)
 y - a wand of digging (11)
 I - a wand of paralysis (29)
 M - a wand of polymorph (20)
 N - a wand of charming (21)
Scrolls
 b - 6 scrolls of amnesia
 r - 2 scrolls of fog
 x - 4 scrolls of enchant armour
 C - a scroll of fear
 F - a scroll of holy word
 L - 3 scrolls of immolation
 P - 13 scrolls of identify
 Q - 2 scrolls of magic mapping
 S - 2 scrolls of summoning
 T - a scroll of silence
 X - a scroll of brand weapon
Potions
 a - 3 potions of invisibility
 g - 4 potions of brilliance
 j - 2 potions of heal wounds
 l - 5 potions of cancellation
 n - 3 potions of magic
 t - a potion of might
 v - a potion of resistance
 w - 8 potions of curing
 z - 6 potions of ambrosia
 B - 7 potions of lignification
 E - a potion of degeneration {unknown}
 H - 6 potions of mutation
 R - 3 potions of haste
 Z - a potion of berserk rage


   Skills:
 + Level 19.8 Fighting
 - Level 14.0(16.1) Axes
 - Level 12.1(14.0) Polearms
 - Level 8.0 Throwing
 - Level 12.0 Armour
 + Level 5.7 Dodging
 - Level 2.0 Stealth
 - Level 15.0 Shields
 + Level 10.2 Necromancy
 + Level 12.0 Earth Magic
 - Level 12.0 Invocations


You had 8 spell levels left.
You knew the following spells:

 Your Spells              Type           Power      Damage    Failure   Level
a - Borgnjor's Vile Clut  Necr/Erth      23%        N/A       2%          5
b - Death Channel         Necr           21%        N/A       22%         6

Your spell library contained the following spells:

 Spells                   Type           Power      Damage    Failure   Level
 Sublimation of Blood     Necr           21%        N/A       1%          2
 Animate Dead             Necr           21%        N/A       1%          4
 Stone Arrow              Conj/Erth      50%        3d10      2%          3
 Animate Armour           Summ/Erth      50%        N/A       9%          4
 Petrify                  Tmut/Erth      25%        N/A       9%          4
 Foxfire                  Conj/Fire      0%         2x1d4     11%         1
 Blink                    Tloc           N/A        N/A       16%         2
 Ensorcelled Hibernation  Hex/Ice        0%         N/A       16%         2
 Static Discharge         Conj/Air       0%         N/A       16%         2
 Conjure Flame            Conj/Fire      0%         6-21      28%         3
 Dazzling Flash           Conj/Hex       0%         N/A       28%         3
 Gell's Gravitas          Tloc           0%         N/A       28%         3
 Ignite Poison            Fire/Tmut/Pois 0%         N/A       28%         3
 Inner Flame              Hex/Fire       0%         N/A       28%         3
 Lesser Beckoning         Tloc           0%         N/A       28%         3
 Mephitic Cloud           Conj/Pois/Air  0%         N/A       28%         3
 Ozocubu's Armour         Ice            0%         N/A       28%         3
 Spider Form              Tmut/Pois      0%         N/A       28%         3
 Summon Guardian Golem    Hex/Summ       0%         N/A       28%         3
 Teleport Other           Tloc           0%         N/A       28%         3
 Bolt of Magma            Conj/Fire/Erth 8%         4d6       45%         5
 Cause Fear               Hex            0%         N/A       65%         4
 Iskenderun's Mystic Bla  Conj/Tloc      0%         2d3       65%         4
 Olgreb's Toxic Radiance  Pois           0%         N/A       65%         4
 Sticky Flame             Conj/Fire      0%         2d3       65%         4
 Summon Ice Beast         Ice/Summ       0%         N/A       65%         4
 Iron Shot                Conj/Erth      12%        9d3       75%         6
 Simulacrum               Ice/Necr       10%        N/A       86%         6
 Alistair's Intoxication  Tmut/Pois      0%         N/A       93%         5
 Blade Hands              Tmut           0%         N/A       93%         5
 Fireball                 Conj/Fire      0%         3d3       93%         5
 Irradiate                Conj/Tmut      0%         3d13      93%         5
 Iskenderun's Battlesphe  Conj           0%         2d6       93%         5
 Lightning Bolt           Conj/Air       0%         1d11      93%         5
 Manifold Assault         Tloc           0%         N/A       93%         5
 Metabolic Englaciation   Hex/Ice        0%         N/A       93%         5
 Summon Mana Viper        Hex/Summ       0%         N/A       93%         5
 Dispersal                Tloc           0%         N/A       100%        6
 Eringya's Noxious Bog    Tmut/Pois      0%         N/A       100%        6
 Shadow Creatures         Summ           N/A        N/A       100%        6
 Starburst                Conj/Fire      0%         6d3       100%        6
 Dragon Form              Tmut           0%         N/A       100%        7
 Monstrous Menagerie      Summ           0%         N/A       100%        7
 Orb of Destruction       Conj           0%         N/A       100%        7
 Ozocubu's Refrigeration  Ice            0%         4d5       100%        7
 Spellforged Servitor     Conj/Summ      0%         N/A       100%        7
 Discord                  Hex            0%         N/A       100%        8
 Ignition                 Fire           0%         3d3       100%        8
 Lehudib's Crystal Spear  Conj/Erth      12%        10d4      100%        8
 Maxwell's Capacitive Co  Air            0%         ∞         100%        8
 Dragon's Call            Summ           0%         N/A       100%        9
 Shatter                  Erth           25%        3d21*     100%        9


Dungeon Overview and Level Annotations

Branches:
Dungeon (15/15)            Temple (0/1) D:6            Lair (6/6) D:8
  Swamp (4/4) Lair:3        Snake (4/4) Lair:2        Slime (0/5) Lair:5
    Orc (2/2) D:12            Elf (2/3) Orc:2        Vaults (0/5) D:13
 Depths (0/5) D:15        Ossuary (visited)

Altars:
Elyvilon
Fedhas
Hepliaklqana
Makhleb
Nemelex Xobeh
Okawaru
Sif Muna
Trog
Uskayaw
Vehumet
Wu Jian
Yredelemnul
The Shining One

Shops:
D:2 [   D:7 (   Orc:2 *[(:*   Elf:1 !


Message History

The zombie hands constrict the +2 battleaxe of flaming! x2
You hear a shout!
The +2 battleaxe of flaming escapes!
The +5 eveningstar of distortion hits you.
Space bends around you.
The zombie hands constrict the +5 eveningstar of distortion.
The zombie hands constrict the +2 battleaxe of flaming.
The +5 eveningstar of distortion struggles to escape constriction. x2
There is an open door here.
The zombie hands constrict the +5 eveningstar of distortion!
The zombie hands constrict the +2 battleaxe of flaming.
The +5 eveningstar of distortion escapes!
The +2 battleaxe of flaming struggles to escape constriction.
The zombie hands lose their grip on something.
The +5 eveningstar of distortion hits you!
You blink.
Unknown command.
The +5 eveningstar of distortion hits you!
Space warps horribly around you!! The +2 battleaxe of flaming hits you!
* * * LOW HITPOINT WARNING * * *
The +2 battleaxe of flaming burns you.
* * * LOW HITPOINT WARNING * * *
You block the +5 eveningstar of distortion's attack.
Unknown command.
You block the +5 eveningstar of distortion's attack.
Unknown command.
You block the +5 eveningstar of distortion's attack.
The +2 battleaxe of flaming hits you but does no damage.
The +5 eveningstar of distortion barely misses you.
Unknown command.
The +5 eveningstar of distortion hits you!!
* * * LOW HITPOINT WARNING * * *
Space warps horribly around you!!
* * * LOW HITPOINT WARNING * * *
There is a stone staircase leading up, spattered with blood here.
Items here: ))) [[.
Unknown command.
Mirna emerges from the mists of memory!
The +5 eveningstar of distortion hits you!
You die...

##### #####...####...##.... #...#
#...............#.### #...#
#.................# ### #...#
##..........<......###
..####...#######...[.............
#............###...[[.........###
#...............)))..#........# #
.............###.R)..##.....#.###
..####...##### #@###.###...##....
..# ##...## #.(((.####.#######
..# #...(.# ####...##### #
..###.....## ##(....## ####
...##..#...## ##.......## ##.##
)#.####.#...####.........####...#
...............'.........'.......
.#.######..(####.........####...#
##.######..### ##.......## #..##


You could see the friendly Mirna the hexer and 3 dancing weapons.

Vanquished Creatures
  Mara (Snake:4)
  Vashnia (Snake:2)
  Saint Roka (Elf:2)
  A tentacled monstrosity (Swamp:1)
  Gastronok (Lair:3)
  A thorn hunter (Swamp:3)
  Agnes (Snake:4)
  2 fenstrider witches (Swamp:4)
  An azure jelly (Swamp:4)
  The ghost of Rudyoh the Bludgeoner, a journeyman OgMo of the Shining One (Lair:6)
  A deep elf sorcerer (Elf:1)
  6 nagarajas (Snake:4)
  An orc warlord (Orc:2)
  A minotaur (Lair:6)
  4 bunyips
  2 eleionomae (Swamp:1)
  Azrael (Orc:1)
  A deep elf high priest (Elf:2)
  A boulder beetle (Lair:3)
  3 salamander tyrants
  Fannar (Lair:2)
  18 hydras
  4 ghost crabs
  3 ice dragons (Swamp:4)
  12 naga warriors
  A death knight (D:15)
  2 catoblepae (Lair:6)
  8 anacondas
  6 centaur warriors
  2 two-headed ogres
  3 alligators
  20 dancing weapons
  The ghost of raph the Geomancer, a journeyman GrEE of Sif Muna (D:10)
  6 death yaks (Lair:6)
  17 naga sharpshooters
  A tengu warrior (D:14)
  Urug (Lair:2)
  2 orc high priests (Orc:2)
  6 deep elf knights
  5 shock serpents
  4 salamander mystics
  A goliath frog (Swamp:1)
  2 skeletal warriors
  4 spriggan druids
  4 naga ritualists
  9 deep elf archers
  3 lindwurms (Lair:5)
  2 necromancers
  5 swamp dragons
  An orb spider (shapeshifter) (D:13)
  4 bog bodies
  14 deep elf pyromancers
  2 wizards
  3 orc knights (Orc:2)
  14 ugly things
  3 orc sorcerers
  12 deep elf zephyrmancers
  9 mana vipers
  20 salamanders
  4 will-o-the-wisps
  3 oklob plants
  4 manticores
  3 cyclopes
  2 guardian serpents
  11 elephants
  An ice statue (D:14)
  31 black mambas
  8 cane toads
  25 naga magi
  An eye of devastation (Lair:5)
  A torpor snail (Lair:6)
  3 gargoyles
  3 efreet
  A rime drake (Lair:4)
  A yaktaur (shapeshifter) (D:15)
  6 freezing wraiths
  7 komodo dragons
  A tengu conjurer (D:14)
  A queen bee (D:10)
  8 trolls
  2 polar bears (Lair:4)
  A polar bear (shapeshifter) (D:15)
  9 hornets
  4 tyrant leeches
  3 slime creatures (D:15)
  7 blink frogs
  10 dream sheep
  3 shadows
  Sigmund (D:6)
  9 spriggans
  A centaur simulacrum (D:15)
  4 wyverns
  A wraith (D:14)
  A water elemental (Elf:1)
  40 yaks
  An air elemental (Elf:1)
  9 vampire mosquitoes
  5 fire elementals (Orc:1)
  Grum (D:10)
  2 basilisks
  5 wargs
  2 steam dragons
  66 nagas
  3 swamp worm simulacra (Swamp:4)
  19 swamp worms
  14 hydra simulacra (Swamp:4)
  An acid dragon (D:11)
  A hell hound (Orc:1)
  8 water moccasins
  2 necrophages
  18 orc warriors
  The ghost of Jazqba the Chucker, an amateur HOHu of Jiyva (D:3)
  5 wolves
  2 ogres
  5 centaurs
  4 scorpions
  12 bullfrogs
  A gnoll sergeant (D:8)
  A water moccasin zombie (D:7)
  2 earth elementals (Elf:2)
  A water moccasin skeleton (D:5)
  8 killer bees
  11 wights
  A crimson imp (D:7)
  3 centaur zombies
  7 orc priests
  A gnoll shaman (D:6)
  An iron imp (D:7)
  Jessica (D:2)
  An iguana (D:5)
  14 orc wizards
  5 hexers
  A hound zombie (D:5)
  4 mummies (Ossuary)
  2 howler monkey zombies
  7 adders
  7 gnolls
  A white imp (D:8)
  5 swamp drake simulacra (Swamp:4)
  3 ufetubi
  An adder zombie (D:5)
  35 orcs
  4 bats
  11 endoplasms
  3 giant cockroaches
  6 goblins
  6 hobgoblins
  2 jackals (D:4)
  2 quokkas (D:1)
  A training dummy (D:7)
  4 ball pythons
  A frilled lizard (D:1)
  2 gnoll zombies (Ossuary)
  2 goblin skeletons (D:7)
  4 goblin zombies
  3 hobgoblin zombies
  A jackal skeleton (D:4)
  10 kobolds
  A kobold skeleton (D:7)
  3 kobold zombies (Ossuary)
  An orc skeleton (D:7)
  An orc zombie (Ossuary)
  7 rats
873 creatures vanquished.

Vanquished Creatures (collateral kills)
  A fenstrider witch (Swamp:3)
  A bunyip (Swamp:1)
  A boulder beetle (D:14)
  A catoblepas (Lair:4)
  5 hydras
  A two-headed ogre (D:13)
  A death knight (D:14)
  A dancing weapon (Elf:2)
  A naga sharpshooter (Snake:4)
  A goliath frog (Swamp:2)
  A spriggan druid (Swamp:1)
  2 lindwurms
  2 swamp dragons
  2 naga ritualists
  A deep elf zephyrmancer (Elf:2)
  A deep elf pyromancer (Elf:1)
  3 ugly things
  A mana viper (Snake:1)
  4 orc sorcerers
  2 salamanders
  2 cyclopes
  3 elephants
  8 black mambas
  A naga mage (Snake:1)
  5 cane toads
  A gargoyle (D:12)
  A rime drake (Lair:6)
  5 komodo dragons
  A freezing wraith (D:15)
  A troll (D:9)
  A bloated husk (Swamp:2)
  2 hornets
  3 tyrant leeches
  A blink frog (Lair:6)
  5 dream sheep
  A centaur simulacrum (D:15)
  A shadow (D:10)
  3 spriggans
  13 yaks
  A wyvern (D:8)
  A basilisk (Lair:2)
  A fire elemental (Orc:1)
  2 steam dragons
  A vampire mosquito (Swamp:1)
  An acid dragon (D:9)
  2 nagas
  2 water moccasins
  A hydra simulacrum (Swamp:4)
  A floating eye (Lair:5)
  8 orc warriors
  A hornet zombie (D:8)
  3 ogres
  2 wolves (Lair:5)
  2 kobold brigands
  4 bullfrogs
  A water moccasin skeleton (D:5)
  2 killer bees
  A wight (D:6)
  3 howler monkeys (D:7)
  An electric eel (Lair:6)
  A jelly (D:5)
  3 orc priests
  A gnoll shaman (D:4)
  A scorpion zombie (D:5)
  2 iguanas
  2 orc wizards (D:5)
  4 mummies (Ossuary)
  6 gnolls
  3 adders
  A white imp (D:5)
  An adder zombie (D:5)
  A worm (D:4)
  10 orcs
  2 endoplasms
  A hobgoblin (D:4)
  2 jackals (D:4)
  A quokka (D:3)
  2 training dummies (D:7)
  A ball python (D:4)
  2 goblins (D:4)
  2 kobolds
  A quokka zombie (D:5)
  A rat (D:2)
183 creatures vanquished.

Vanquished Creatures (others)
  Donald (Swamp:1)
  A deep elf pyromancer (D:15)
  3 bloated husks (Swamp:4)
  A naga (Snake:3)
  A jelly (D:6)
  54 hexers
  An orc (Orc:2)
  9 foxfires
  40 fungi
  33 plants
144 creatures vanquished.

Grand Total: 1200 creatures vanquished

Notes
Turn   | Place    | Note
-------+----------+-------------------------------------------
     0 | D:1      | Jazqba the Hill Orc Hunter began the quest for the Orb.
     0 | D:1      | Reached XP level 1. HP: 18/18 MP: 1/1
   483 | D:1      | Reached skill level 1 in Stealth
   483 | D:1      | Reached XP level 2. HP: 23/25 MP: 2/2
  1034 | D:1      | Reached skill level 3 in Fighting
  1575 | D:2      | Reached XP level 3. HP: 31/31 MP: 3/3
  1637 | D:2      | Noticed Jessica
  1643 | D:2      | Killed Jessica
  1644 | D:2      | Reached skill level 1 in Armour
  1761 | D:2      | Reached XP level 4. HP: 34/38 MP: 4/4
  1831 | D:2      | Found a faded altar of an unknown god.
  1931 | D:2      | Became a worshipper of Hepliaklqana the Forgotten
  1931 | D:2      | Reached * piety under Hepliaklqana
  2489 | D:2      | Found Simedad's Antique Armour Shoppe.
  2855 | D:3      | Reached skill level 4 in Fighting
  3001 | D:3      | Noticed Jazqba's ghost (amateur HOHu)
  3009 | D:3      | Found a runed translucent gate.
  3009 | D:3      | Found a runed translucent gate.
  3011 | D:3      | Found a runed translucent gate.
  3081 | D:3      | Reached XP level 5. HP: 37/41 MP: 5/5
  3186 | D:3      | Found a bloodstained altar of Trog.
  3339 | D:3      | Reached ** piety under Hepliaklqana
  3430 | D:3      | Remembered your ancestor Mirna as a hexer
  3789 | D:3      | Killed Jazqba's ghost
  3790 | D:3      | Reached skill level 5 in Fighting
  3790 | D:3      | Reached XP level 6. HP: 18/51 MP: 6/6
  4254 | D:4      | Reached skill level 6 in Fighting
  4716 | D:4      | Reached skill level 7 in Fighting
  5156 | D:5      | Entered Level 5 of the Dungeon
  5256 | D:5      | Reached XP level 7. HP: 53/59 MP: 7/7
  5414 | D:5      | Found a hide-covered altar of Uskayaw.
  5414 | D:5      | Found a white marble altar of Elyvilon.
  5452 | D:5      | Reached skill level 8 in Fighting
  5846 | D:5      | Reached skill level 9 in Fighting
  5852 | D:5      | Found a sand-covered staircase.
  5859 | Ossuary  | Entered an ossuary
  7039 | D:5      | Reached *** piety under Hepliaklqana
  7085 | D:5      | Reached XP level 8. HP: 70/70 MP: 8/8
  7265 | D:5      | Reached skill level 10 in Fighting
  7567 | D:5      | Found an ornate altar of the Wu Jian Council.
  7591 | D:5      | Reached skill level 1 in Axes
  8044 | D:6      | Reached skill level 11 in Fighting
  8410 | D:6      | Reached skill level 1 in Shields
  8962 | D:6      | Found a staircase to the Ecumenical Temple.
  9261 | D:2      | Bought a jewelled ring mail for 180 gold pieces
  9261 | D:2      | Identified the +1 ring mail of Sorcery {rPois Regen+ Dex-3
                  | SInv Stlth+} (You bought it in a shop on level 2 of the
                  | Dungeon)
  9261 | D:2      | Bought a bloodstained cloak for 190 gold pieces
  9261 | D:2      | Identified the +2 cloak "Awoexaz" {rC+ Str+3} (You bought
                  | it in a shop on level 2 of the Dungeon)
  9285 | D:2      | Bought a pair of boots for 90 gold pieces
  9414 | D:6      | Reached XP level 9. HP: 80/80 MP: 9/9
  9487 | D:6      | Reached skill level 5 in Axes
  9503 | D:6      | Noticed Sigmund
  9519 | D:6      | Killed Sigmund
  9585 | D:6      | Reached **** piety under Hepliaklqana
 10159 | D:7      | Found Goanymm's Firing Range.
 10337 | D:7      | Found a glowing golden altar of the Shining One.
 10405 | D:7      | Reached skill level 12 in Fighting
 10462 | D:7      | Found a blossoming altar of Fedhas.
 10560 | D:7      | Reached skill level 5 in Shields
 10614 | D:7      | Found a burning altar of Makhleb.
 10744 | D:7      | Found a radiant altar of Vehumet.
 10860 | D:8      | Noticed a troll
 10886 | D:8      | Killed a troll
 10962 | D:8      | Reached ***** piety under Hepliaklqana
 10994 | D:8      | Reached XP level 10. HP: 87/87 MP: 10/10
 11131 | D:8      | Noticed a cyclops
 11177 | D:8      | Killed a cyclops
 11630 | D:8      | Reached skill level 10 in Axes
 11658 | D:8      | Found a staircase to the Lair.
 11662 | D:8      | Got the Incunabulum of Aerial Battle Magic
 11886 | D:8      | Found a shimmering blue altar of Sif Muna.
 12237 | D:9      | Found the ring of the Mage {Wiz Will++ Int+3}
 12680 | D:9      | Reached XP level 11. HP: 83/93 MP: 11/11
 12751 | D:10     | Entered Level 10 of the Dungeon
 12751 | D:10     | Noticed a green ugly thing
 12778 | D:10     | Killed a green ugly thing
 12825 | D:10     | Found a basalt altar of Yredelemnul.
 12859 | D:10     | Found an iron altar of Okawaru.
 12932 | D:10     | Reached skill level 10 in Shields
 13133 | D:10     | Identified a scroll of acquirement
 13133 | D:10     | Acquired a +1 pair of gloves of archery
 13283 | D:10     | Found a transporter.
 13291 | D:10     | Found a transporter.
 13291 | D:10     | Noticed raph's ghost (journeyman GrEE)
 13573 | Lair:1   | Entered Level 1 of the Lair of Beasts
 14028 | Lair:1   | Identified the amulet "Zenoboca" {Reflect Regen+ SH+5}
 14335 | Lair:2   | Noticed an oklob plant
 14353 | Lair:2   | Killed an oklob plant
 14369 | Lair:2   | Reached XP level 12. HP: 100/100 MP: 12/12
 14484 | Lair:2   | Noticed Urug
 14502 | Lair:2   | Killed Urug
 14756 | Lair:2   | Noticed a five-headed hydra
 14762 | Lair:2   | Noticed a seven-headed hydra
 14770 | Lair:2   | Killed a five-headed hydra
 14790 | Lair:2   | Killed a seven-headed hydra
 14882 | Lair:2   | Noticed Fannar
 14887 | Lair:2   | Found a staircase to the Snake Pit.
 14898 | Lair:2   | Killed Fannar
 15068 | Lair:3   | Noticed a boulder beetle
 15097 | Lair:3   | Killed a boulder beetle
 15124 | Lair:3   | Reached ****** piety under Hepliaklqana
 15460 | Lair:3   | Noticed Gastronok
 15478 | Lair:3   | Killed Gastronok
 15479 | Lair:3   | Reached skill level 5 in Armour
 15479 | Lair:3   | Reached skill level 15 in Shields
 15479 | Lair:3   | Reached XP level 13. HP: 84/106 MP: 13/13
 15726 | Lair:3   | Found a staircase to the Swamp.
 15765 | Lair:3   | Found a blossoming altar of Fedhas.
 16196 | Lair:3   | Identified the +6 short sword "Taolaj" {vorpal, rC++ Str-2
                  | Dex+2 SInv}
 16724 | Lair:4   | You fall into a shaft and drop 2 floors!
 16724 | Lair:6   | Entered Level 6 of the Lair of Beasts
 16733 | Lair:6   | Reached skill level 13 in Fighting
 16887 | Lair:6   | Found a runed translucent gate.
 16889 | Lair:6   | Found a runed translucent gate.
 16890 | Lair:6   | Found a runed translucent gate.
 17306 | Lair:6   | Reached skill level 14 in Fighting
 17319 | Lair:6   | Reached XP level 14. HP: 64/118 MP: 14/14
 17331 | Lair:6   | Reached skill level 10 in Armour
 17655 | Lair:6   | Noticed Rudyoh's ghost (journeyman OgMo)
 17869 | Lair:4   | Reached skill level 15 in Fighting
 18297 | Lair:5   | Paralysed by a floating eye for 2 turns
 18308 | Lair:5   | Paralysed by a floating eye for 3 turns
 18326 | Lair:5   | Found a staircase to the Slime Pits.
 18823 | Lair:5   | Identified the +5 scimitar of Makhleb's Supremacy {freeze,
                  | Str+4}
 18830 | Lair:5   | Identified the +7 morningstar "Plog" {flame, Dex+4}
 19264 | Lair:6   | Reached skill level 16 in Fighting
 19671 | Lair:6   | Killed Rudyoh's ghost
 19672 | Lair:6   | Reached skill level 5 in Throwing
 19858 | Lair:6   | Got Weociho's Collected Works on Conjuration
 20288 | D:10     | Killed raph's ghost
 20319 | D:10     | Reached XP level 15. HP: 129/129 MP: 15/15
 20329 | D:10     | Identified the +3 scale mail of the Pirate {Fly rC- rN+
                  | rCorr}
 20450 | D:10     | Noticed Grum
 20463 | D:10     | Killed Grum
 20669 | D:10     | Identified the +2 ring mail "Badot" {rF+}
 20978 | D:11     | Identified the +1 leather armour of Liomutud {Dex+2}
 21029 | D:11     | Found a faded altar of an unknown god.
 21029 | D:11     | Found a hazy altar of Hepliaklqana.
 21816 | D:11     | Reached skill level 1 in Polearms
 22335 | D:12     | Found a staircase to the Orcish Mines.
 22426 | Orc:1    | Entered Level 1 of the Orcish Mines
 22897 | Orc:2    | Entered Level 2 of the Orcish Mines
 22897 | Orc:2    | Found Cynwiuzo's Assorted Antiques.
 22919 | Orc:2    | Reached skill level 5 in Polearms
 23473 | Orc:2    | Bought a pitted ring mail for 342 gold pieces
 23473 | Orc:2    | Identified the +1 ring mail "Lirghih" {rPois Regen+} (You
                  | bought it in a shop on level 2 of the Orcish Mines)
 23483 | Orc:2    | Found Owimume's Antique Armour Shop.
 23549 | Orc:2    | Found Jaly's Antique Weapon Shop.
 23571 | Orc:2    | Found a staircase to the Elven Halls.
 23609 | Orc:2    | Noticed an orc warlord
 23610 | Orc:2    | Found Kajar's General Store.
 23955 | Orc:2    | Found Nuseranim's Book Shoppe.
 24146 | Orc:2    | Noticed Azrael
 24323 | Orc:1    | Killed Azrael
 24522 | Orc:2    | Killed an orc warlord
 24972 | D:13     | Identified the +4 mace "Orb Guardian's Peril" {vorpal,
                  | Dex+5}
 25162 | D:13     | Found a gate to the Vaults.
 25344 | D:14     | Reached skill level 10 in Polearms
 25534 | D:14     | Found a gateway to a bazaar.
 25565 | Bazaar   | Entered a bazaar
 25565 | Bazaar   | Found Dirikhis's Armour Boutique.
 25569 | Bazaar   | Found Vuhoetont's General Store.
 25584 | Bazaar   | Found Ycwaw's Antique Armour Shop.
 25590 | Bazaar   | Found Ijolahal's Antique Armour Shoppe.
 25602 | Bazaar   | Bought a jewelled ring mail for 252 gold pieces
 25602 | Bazaar   | Identified the +1 ring mail "Jureoh" {+Blink} (You bought
                  | it in a shop in a bazaar)
 25644 | Bazaar   | Found Imid's Antique Weapon Shoppe.
 25814 | D:14     | Reached XP level 16. HP: 133/135 MP: 16/16
 26186 | D:15     | Entered Level 15 of the Dungeon
 26483 | D:15     | Reached skill level 1 in Necromancy
 26483 | D:15     | Reached skill level 1 in Earth Magic
 26516 | D:15     | Found a staircase to the Depths.
 26918 | D:15     | Identified the +1 ring mail "Daedghoko" {Rampage rF+ Str-5
                  | Int+7}
 26998 | D:15     | Found a sparkling altar of Nemelex Xobeh.
 27248 | Snake:1  | Entered Level 1 of the Snake Pit
 27277 | Snake:1  | Reached skill level 1 in Invocations
 27534 | Snake:1  | Learned a level 5 spell: Borgnjor's Vile Clutch
 28744 | Snake:2  | Reached skill level 5 in Necromancy
 28895 | Snake:2  | Reached skill level 5 in Earth Magic
 28949 | Snake:2  | Noticed Vashnia
 28987 | Snake:2  | Reached skill level 5 in Invocations
 29000 | Snake:2  | Killed Vashnia
 29001 | Snake:2  | Reached XP level 17. HP: 129/144 MP: 19/21
 30309 | Snake:3  | Reached skill level 17 in Fighting
 30870 | Snake:3  | Acquired the +2 pair of gloves of the Shining Light {MP+9
                  | Int+4}
 31250 | Snake:4  | Entered Level 4 of the Snake Pit
 31646 | Snake:4  | Identified the +7 flail "Qucouxal" {flame, rElec MP+9
                  | Str-5}
 31989 | Snake:4  | Identified the +1 leather armour "Ydulumpus" {rF+}
 32098 | Snake:4  | Noticed Agnes
 32114 | Snake:4  | Killed Agnes
 32295 | Snake:4  | Noticed Mara
 32297 | Snake:4  | Noticed Jazqba's illusion
 32344 | Snake:4  | Noticed Jazqba's illusion
 32610 | Snake:4  | Reached XP level 18. HP: 142/147 MP: 24/25
 32827 | Snake:4  | Noticed Jazqba's illusion
 32862 | Snake:4  | Killed Mara
 32863 | Snake:4  | Reached skill level 10 in Invocations
 33126 | Snake:4  | Reached skill level 18 in Fighting
 33875 | Snake:4  | Got a serpentine rune of Zot
 34118 | Swamp:1  | Entered Level 1 of the Swamp
 34430 | Swamp:1  | Noticed Donald
 34451 | Swamp:1  | Killed Donald
 34480 | Swamp:1  | Noticed a tentacled monstrosity
 34496 | Swamp:1  | Killed a tentacled monstrosity
 34534 | Swamp:1  | Reached skill level 10 in Earth Magic
 36040 | Swamp:2  | You fall into a shaft and drop 1 floor!
 36549 | Swamp:3  | Reached XP level 19. HP: 162/162 MP: 28/28
 36778 | Swamp:3  | Reached skill level 19 in Fighting
 37447 | Swamp:4  | Entered Level 4 of the Swamp
 37448 | Swamp:4  | Acquired 1308 gold pieces
 37928 | Swamp:4  | Identified the +4 flail of the Valley of Death {pain,
                  | Will+}
 39406 | Swamp:4  | Got a decaying rune of Zot
 39807 | Elf:1    | Entered Level 1 of the Elven Halls
 39829 | Elf:1    | Learned a level 6 spell: Death Channel
 39937 | Elf:1    | Paralysed by an air elemental for 1 turns
 39940 | Elf:1    | Paralysed by an air elemental for 1 turns
 40048 | Elf:1    | Found Ynlasung's Distillery.
 40056 | Elf:1    | Bought a potion of haste for 140 gold pieces
 40056 | Elf:1    | Bought a potion of heal wounds for 70 gold pieces
 40785 | Elf:2    | Reached skill level 5 in Dodging
 41161 | Elf:2    | Noticed Saint Roka
 41336 | Elf:2    | Killed Saint Roka
 41527 | Elf:2    | Reached skill level 10 in Necromancy
 41534 | Elf:2    | Found a runed translucent gate.
 41535 | Elf:2    | Found a runed translucent gate.
 41535 | Elf:2    | Found a runed translucent gate.
 42081 | Elf:2    | Reached XP level 20. HP: 99/173 MP: 24/29
 42111 | Elf:2    | HP: 3/173 [+5 eveningstar of distortion (19)]
 42112 | Elf:2    | Mangled by a +5 eveningstar of distortion

Illustrated notes

Levels and vault maps discovered:
D:1:      dpeg_arrival_rhombi, layout_basic
D:2:      layout_basic, dreamdust_ecumenical_altar_statues, serial_shops, shop,
          kennysheep_generic_room_6, uniq_jessica
D:3:      layout_loops_cross, lemuel_tele_altar, gammafunk_ghost_split
D:4:      layout_loops_ring
D:5:      layout_basic, mainiacjoe_overflow_concentric_impassable,
          jmf_multi_god_temple, enter_ossuary_4,
          minmay_a_box_with_orc_wizards_in_it
D:6:      layout_cave_pods, minmay_temple_entry_junction, uniq_sigmund
D:7:      layout_gridville, nicolae_tso_besieged_by_evil, makhleb_grotto_becter,
          mainiacjoe_overflow_swirl, nicolae_shop_firing_range
D:8:      layout_basic, kennysheep_mini_moat, erik_lair_dragon, minmay_between
D:9:      layout_cave_pools
D:10:     layout_loops_cross, yredelemnul_altar_generic, okawaru_gym_becter,
          gammafunk_ghost_hive, uniq_grum
D:11:     layout_small_grid, hangedman_abyss_or_decor_lesser_grid,
          beargit_hepliaklqana_dungeon_heroes
D:12:     layout_gridville, orc_0_dummy, kb_rosetta
D:13:     layout_rooms, david_vaults_1
D:14:     layout_irregular_city, serial_shops, statue_bzr, hangedman_decor_push
D:15:     grunt_enter_depths_magical_seal, layout_irregular_city,
          nemelex_lonely_heart_becter, serial_bayou_crossing
Lair:1:   layout_misc_corridors, chequers_serial_rivers_micro_e,
          lemuel_fruit_tree, lemuel_fruit_fields
Lair:2:   layout_roguey, grunt_megastairs_5, uniq_fannar, uniq_urug
Lair:3:   layout_gridlike, palyth_hydra_swamp_entry, hangedman_tree_tricks,
          uniq_gastronok
Lair:4:   layout_big_grid, nicolae_volcano_entry_hallway, grunt_megastairs_1
Lair:5:   layout_hall_layers, minmay_slime_entry_eyes, minmay_lindwurm_lava
Lair:6:   hangedman_lair_in_review, layout_cave_pods,
          maelrawn_ghost_gauntlet_escape, grunt_megastairs_3,
          serial_bayou_shore_a
Swamp:1:  layout_basic_swamp, evilmike_swamp_ruin_house_4, swamp_pool4,
          infiniplex_staircase_pool, uniq_donald
Swamp:2:  layout_basic_swamp, hangedman_swamp_ruin_wall
Swamp:3:  layout_basic_swamp, nicolae_swamp_trees_clearing
Swamp:4:  swamp_icy, layout_basic_swamp
Snake:1:  layout_honeycomb
Snake:2:  layout_onion_interference, uniq_vashnia
Snake:3:  layout_grid_maze
Snake:4:  minmay_snake_end_coiled, layout_cave_town, uniq_mara, uniq_agnes
Orc:1:    layout_caves
Orc:2:    grunt_orc_gardens, layout_caves, grunt_orc_garden, grunt_orc_garden,
          grunt_orc_garden, grunt_orc_garden, serial_shops, shop, uniq_azrael
Elf:1:    eino_elf_arrival_sip, layout_rooms, serial_shops, nicolae_square_shop,
          hangedman_elven_crosses_minicolossus, hangedman_elf_targetted_burst,
          nicolae_twisting_strands
Elf:2:    nicolae_elf_blades_crystal_corner, layout_loops_corners,
          uniq_saint_roka

Skill      XL: |  1  2  3  4  5  6  7  8  9 10 11 12 13 14 15 16 17 18 19 |
---------------+----------------------------------------------------------+-----
Stealth        | 1 2 |  2.0
Fighting       | 3 4 5 7 9 11 12 14 16 17 18 19 | 19.8
Armour         | 1 2 5 9 12 | 12.0
Dodging        | 2 5 |  5.7
Throwing       | 4 6 8 |  8.0
Axes           | 4 8 11 13 14 | 14.0
Shields        | 2 6 9 11 15 | 15.0
Polearms       | 10 12 | 12.1
Necromancy     | 5 8 10 | 10.2
Earth Magic    | 5 8 10 12 | 12.0
Invocations    | 5 9 12 | 12.0

Action                   |  1- 3 |  4- 6 |  7- 9 | 10-12 | 13-15 | 16-18 | 19-21 || total
-------------------------+-------+-------+-------+-------+-------+-------+-------++-------
Melee: Short sword       |    60 |       |       |       |       |       |       ||    60
       Dagger            |    17 |   133 |       |       |       |       |       ||   150
       Whip              |       |    32 |   189 |       |       |       |       ||   221
       Hand axe          |       |       |   177 |   700 |    82 |       |       ||   959
       Demon trident     |       |       |       |    25 |  1177 |  1464 |   511 ||  3177
Throw: Javelin           |     2 |     1 |     9 |     8 |    18 |     3 |     6 ||    47
       Dart              |       |    13 |    40 |    17 |       |       |       ||    70
       Boomerang         |       |       |     1 |       |       |    18 |    19 ||    38
 Cast: Borgnjor's Vile C |       |       |       |       |       |    33 |     9 ||    42
       Death Channel     |       |       |       |       |       |       |     1 ||     1
Invok: Ancestor Life: He |       |     1 |       |       |       |       |       ||     1
       Recall Ancestor   |       |       |     3 |       |     4 |     3 |     2 ||    12
       Idealise          |       |       |       |       |       |     1 |       ||     1
Evoke: Wand              |       |       |       |       |     2 |       |       ||     2
  Use: Potion            |       |     3 |       |     2 |     7 |     7 |     1 ||    20
       Scroll            |       |       |    10 |    16 |    11 |    19 |     4 ||    60
 Stab: Sleeping          |     3 |       |     2 |     3 |     5 |     7 |     4 ||    24
       Distracted        |       |     1 |     2 |    11 |    10 |    11 |     5 ||    40
       Confused          |       |     1 |     2 |    17 |    13 |     9 |    10 ||    52
       Petrifying        |       |       |       |       |     1 |       |       ||     1
       Paralysed         |       |       |       |       |    27 |    18 |    10 ||    55
Armor: Leather armour    |    16 |       |       |       |       |       |       ||    16
       Ring mail         |     4 |    55 |   142 |   138 |   339 |   253 |    81 ||  1012
Dodge: Dodged            |    33 |    98 |   186 |   147 |   287 |   226 |    74 ||  1051
Block: Kite shield       |       |       |       |   357 |  1033 |   924 |   276 ||  2590
       Reflection        |       |       |       |       |    22 |   137 |    39 ||   198
